 Dungeon Crawl Stone Soup version 0.18-a0-902-g8738618 (webtiles) character file.

0 Jmtri7 the Magician (level 1, 0/13 HPs)
             Began as a Formicid Wizard on Dec 24, 2015.
             Slain by a slave (3 damage)
             ... led by Pikel
             ... on level 4 of the Dungeon.
             The game lasted 00:01:43 (113 turns).

Jmtri7 the Magician (Formicid Wizard)                Turns: 113, Time: 00:01:44

Health: 0/13       AC:  3    Str: 11    XL:     1   Next: 11%
Magic:  0/4        EV: 12    Int: 17    God:
Gold:   14         SH:  0    Dex:  9    Spells: 1 memorised, 5 levels left

rFire  . . .     SeeInvis +     (no weapon)
rCold  . . .     Gourm    .     j - +0 robe
rNeg   . . .     Faith    .     (no shield)
rPois  .         Spirit   .     (helmet unavailable)
rElec  .         Dismiss  .     (no cloak)
rCorr  .         Reflect  .     (no gloves)
SustAt .         Harm     .     h - +0 pair of boots
MR     .....                    (no amulet)
Stlth  ++........               (no ring)
                                (no ring)

@: not resistant to hostile enchantments, unstealthy
A: permanent stasis, dig shafts and tunnels, four strong arms, antennae 3
a: Dig, Shaft Self


You were on level 4 of the Dungeon.
You were not hungry.

You visited 1 branch of the dungeon, and saw 3 of its levels.

You collected 14 gold pieces.

Inventory:

Missiles
 e - 11 steel sling bullets
Armour
 h - a +0 pair of boots (worn)
 j - a +0 robe (worn)
Scrolls
 f - a scroll of amnesia {unknown}
Potions
 g - a potion of agility {unknown}
Books
 b - a book of Minor Magic

   Spells                             Type                      Level
   a - Magic Dart                     Conjuration                  1
   b - Blink                          Translocation                2
   c - Call Imp                       Summoning                    2
   d - Repel Missiles                 Charms/Air                   2
   e - Slow                           Hexes                        2
   f - Conjure Flame                  Conjuration/Fire             3
   g - Mephitic Cloud                 Conjuration/Poison/Air       3
Comestibles
 c - a bread ration
 d - a slice of pizza
 i - a meat ration


   Skills:
 + Level 0.0 Fighting
 - Level 1.7 Dodging
 - Level 2.4 Stealth
 + Level 3.3 Spellcasting
 - Level 0.8 Conjurations
   Level 1.0 Summonings
   Level 0.8 Translocations


You had 5 spell levels left.
You knew the following spells:

 Your Spells              Type           Power        Failure   Level  Hunger
a - Magic Dart            Conj           #...         14%         1    None


Dungeon Overview and Level Annotations

Branches:
Dungeon (1/15)

Altars:

Annotations:
D:4 Pikel


Innate Abilities, Weirdness & Mutations

You are under a permanent stasis effect.
You can dig through walls and to a lower floor.
Your four strong arms can wield two-handed weapons with a shield.
You have a pair of large antennae on your head (SInv).


Message History

Aiming: Magic Dart
Press: ? - help, Shift-Dir - straight line, f/p - slave
Aim: a slave, wearing an animal skin (lightly wounded)
The magic dart hits the slave.
The slave is lightly wounded.
The slave closely misses you. The slave barely misses you.
Casting: Magic Dart
Confirm with . or Enter, or press ? or * to list all spells.
You don't have enough magic to cast that spell.
Unknown command.
Casting: Magic Dart
Confirm with . or Enter, or press ? or * to list all spells.
You don't have enough magic to cast that spell.
Unknown command.
You hit the slave but do no damage. The slave hits you.
* * * LOW HITPOINT WARNING * * *
The slave closely misses you.
You barely miss the slave. The slave barely misses you. The slave misses you.
The slave hits you.
You die...

# ####. ....
#..### ####....#
{ ........###
###..#@..# # .
#....ppp.#.#.#
...#......)...#
...##....#.......
?...K............
..##.#..##.......
#.#p.# ..#####
#.#......#
##.##.##


You could see Pikel and 4 slaves.

Vanquished Creatures
  A rat (D:2)
1 creature vanquished.

Notes
Turn   | Place    | Note
--------------------------------------------------------------
     0 | D:1      | Jmtri7 the Formicid Wizard began the quest for the Orb.
     0 | D:1      | Reached XP level 1. HP: 13/13 MP: 4/4
    50 | D:1      | You fall through a shaft!
    92 | D:2      | You fall through a shaft for 2 floors!
    92 | D:4      | Noticed a slave
    98 | D:4      | Noticed a slave
   102 | D:4      | Noticed a slave
   104 | D:4      | Noticed a slave
   111 | D:4      | Noticed Pikel
   113 | D:4      | Slain by a slave

Vault maps used:
D:1:      dpeg_arrival_stonehenge_8_columns
D:2:      grunt_temple_overflow_open, marbit_many_paths, first_bread,
          minmay_shallow_snake_nest
D:4:      minmay_misc_feat_hallway, minmay_quantized, uniq_pikel, uniq_robin,
          uniq_duvessa

Action                   || total
-------------------------++-------
Melee: Unarmed           ||     5
 Cast: Magic Dart        ||     7
 Abil: Shaft Self        ||     2
